 Dungeon Crawl Stone Soup version 0.27.1 (webtiles) character file.

Game seed: 15449388844627476396

16 Rrauwl the Charlatan (level 2, 0/25 HPs)
             Began as a Draconian Artificer on Aug 24, 2021.
             Slain by a jackal (3 damage)
             ... on level 1 of the Dungeon.
             The game lasted 00:01:48 (575 turns).

Rrauwl the Charlatan (Draconian Artificer)           Turns: 575, Time: 00:01:48

Health: 0/25       AC:  4    Str: 14    XL:     2   Next: 37%
Magic:  2/2        EV: 12    Int: 11    God:
Gold:   13         SH:  0    Dex: 11    Spells: 1/1 levels left

rFire    . . .     SeeInvis .   a - +0 club
rCold    . . .     Faith    .   (no shield)
rNeg     . . .     Spirit   .   (armour unavailable)
rPois    .         Reflect  .   (helmet restricted)
rElec    .         Harm     .   (no cloak)
rCorr    .         Rampage  .   (no gloves)
Will     .....                  (no boots)
Stlth    +.........             (no amulet)
HPRegen  0.08/turn              (no ring)
MPRegen  0.08/turn              (no ring)

@: no status effects
A: AC +4, unfitting armour, cold-blooded
a: no special abilities


You were on level 1 of the Dungeon.
You visited 1 branch of the dungeon, and saw 1 of its levels.

You collected 13 gold pieces.

Inventory:

Hand Weapons
 a - a +0 club (weapon)
Wands
 b - a wand of flame (14) (quivered)
 c - a wand of charming (15)
Miscellaneous
 d - a piece from Xom's chessboard (14/15)


   Skills:
 + Level 2.7 Fighting
 - Level 2.1 Dodging
 - Level 1.0 Stealth
 - Level 3.0 Evocations


You had one spell level left.
You didn't know any spells.
Your spell library was empty.

Dungeon Overview and Level Annotations

Branches:
Dungeon (1/15)

Altars:


Innate Abilities, Weirdness & Mutations

Your plain brown scales are hard. (AC +4)
You cannot fit into any form of body armour.
You are cold-blooded and may be slowed by cold attacks.


Message History

The kobold is severely wounded.
The kobold barely misses you.
You closely miss the kobold.
The kobold is severely wounded.
The kobold hits you but does no damage.
You hit the kobold.
You kill the kobold!
You hit the endoplasm.
The endoplasm is heavily wounded.
The endoplasm hits you but does no damage.
You hit the endoplasm.
You kill the endoplasm!
The jackal closely misses you.
You barely miss the jackal.
You tail-slap the jackal, but do no damage.
The jackal bites you. The jackal completely misses you.
You are too injured to fight recklessly!
You are too injured to fight recklessly!
You are too injured to fight recklessly!
You are too injured to fight recklessly!
You are too injured to fight recklessly!
You are too injured to fight recklessly!
You are too injured to fight recklessly!
You closely miss the jackal. The jackal bites you.
The jackal closely misses you.
You completely miss the jackal. The jackal bites you. The jackal misses you.
You hit the jackal but do no damage.
You tail-slap the jackal, but do no damage.
The jackal closely misses you.
You closely miss the jackal. The jackal barely misses you.
The jackal bites you.
* * * LOW HITPOINT WARNING * * *
You hit the jackal but do no damage. The jackal bites you.
* * * LOW HITPOINT WARNING * * *
The jackal barely misses you.
Aiming: Throw Flame
Press: ? - help, Shift-Dir - straight line, f - jackal
Aim: a jackal (64% to hit)
The puff of flame misses the jackal.
The jackal bites you.
You die...

######.##### #. .rh. #.#
#. ####....J #.# #.
#.K...... #.# #. #h#
##.## #.##.##.# #...#
#.......# #...#
##.###### #...# #h#
#####...########@###
#...........##.....#
...............#.#......
#...........####.#######
#####...##### #.# #...#
#.# #...# #.. #...# ###
##.##


You could see a jackal.

Vanquished Creatures
  A dart slug (D:1)
  A bat (D:1)
  An endoplasm (D:1)
  2 giant cockroaches (D:1)
  A goblin (D:1)
  A hobgoblin (D:1)
  2 jackals (D:1)
  A kobold (D:1)
  2 rats (D:1)
12 creatures vanquished.

Notes
Turn   | Place    | Note
-------+----------+-------------------------------------------
     0 | D:1      | Rrauwl the Draconian Artificer began the quest for the Orb.
     0 | D:1      | Reached XP level 1. HP: 16/16 MP: 1/1
    62 | D:1      | Reached skill level 1 in Stealth
   428 | D:1      | Reached XP level 2. HP: 23/24 MP: 2/2
   575 | D:1      | Slain by a jackal

Illustrated notes

Levels and vault maps discovered:
D:1:      minmay_arrival_nine_rooms, layout_loops_cross

Skill      XL: |  1 |
---------------+----+-----
Stealth        | 1 |  1.0
Fighting       | 2 |  2.7
Dodging        | |  2.1
Evocations     | |  3.0

Action                   || total
-------------------------++-------
Melee: Club              ||    83
       Tailslap          ||    11
Evoke: Wand              ||     1
       Piece from Xom's  ||     1
Armor: Skin              ||    26
Dodge: Dodged            ||    71
